SKY
CALIFORNIA ANGELS @ MIAMI MARLINS
06/16/2052
 
TOP OF THE 1ST
California Angels batting - Pitching for Miami Marlins : RHP Adrián Mariscal
Pitching: RHP Adrián Mariscal
Batting: LHB Archer Carol 0-0: Ball
1-0: Called Strike
1-1: Foul Ball, location: 9LMF
1-2: SINGLE (Groundball, 6S, EV 74.4 MPH) (infield hit)
Batting: RHB River Grote 0-0: Ball
1-0: Ball
Archer Carol steals 2nd base (no throw)
2-0: Foul Ball, location: 2F
2-1: Fly out, F7 (Line Drive, 78D, EV 89.4 MPH)
Batting: LHB Skyler Angelillo 0-0: Called Strike
0-1: Called Strike
0-2: Ball
1-2: SINGLE (Groundball, 4MD, EV 100.6 MPH)
Archer Carol to third
Runner from 3rd tries for Home, SAFE, throw by CF to home
Batting: LHB Adrian Phillips 0-0: Ball
1-0: Foul Ball, location: 25F
1-1: Foul Ball, location: 23F
1-2: Foul Ball, location: 23F
1-2: Fly out, F8 (Flyball, 8RD, EV 105.0 MPH)
Batting: LHB Wilfredo Ocanas 0-0: DOUBLE (Line Drive, 9LM, EV 110.0 MPH)
Skyler Angelillo to third
Batting: SHB Michael Dodson 0-0: Ball
1-0: Foul Ball, location: 2F
1-1: Ground out 4-3 (Groundball, 4, EV 95.0 MPH)
Top of the 1st over - 1 run, 3 hits, 0 errors, 2 left on base; California 1 - Miami 0
BOTTOM OF THE 1ST
Miami Marlins batting - Pitching for California Angels : RHP Ambler Bateman
Pitching: RHP Ambler Bateman
Now in RF: Jess Granberg
Batting: LHB Joshua Roberts 0-0: Called Strike
0-1: Ball
1-1: Ball
2-1: DOUBLE (Groundball, 3L, EV 96.9 MPH)
Batting: RHB Yovi Pizana 0-0: Ball
1-0: Called Strike
1-1: Called Strike
1-2: Foul Ball, location: 25F
1-2: Ball
2-2: 2-RUN HOME RUN (Flyball, 7D, EV 99.4 MPH), Distance : 397 ft
Batting: LHB Elijah Mitchell 0-0: SINGLE (Line Drive, 7S, EV 106.3 MPH)
Batting: LHB Russ Hicks 0-0: Called Strike
0-1: Ball
1-1: Ball
2-1: Ball
3-1: SINGLE (Line Drive, 4D, EV 109.4 MPH)
Elijah Mitchell to second
Batting: LHB David Almager 0-0: Ball
1-0: Ball
2-0: Foul Ball, location: 5F
2-1: Swinging Strike
2-2: Ball
3-2: Base on Balls
Elijah Mitchell to third
Russ Hicks to second
Batting: RHB Matías Iñiguez 0-0: Ball
1-0: Foul Ball, location: 7LDF
1-1: Ball
2-1: Swinging Strike
2-2: Foul Ball, location: 9LSF
2-2: Foul Ball, location: 7LMF
2-2: Ball
3-2: Grounds into double play, 4-6-3 (Groundball, 4S, EV 81.3 MPH)
Elijah Mitchell scores
Russ Hicks to third
Batting: LHB Standen Mocadlo 0-0: Ground out 6-3 (Groundball, 6M, EV 88.8 MPH)
Bottom of the 1st over - 3 runs, 4 hits, 0 errors, 1 left on base; California 1 - Miami 3
TOP OF THE 2ND
California Angels batting - Pitching for Miami Marlins : RHP Adrián Mariscal
Batting: RHB Isaac Keenan 0-0: Called Strike
0-1: TRIPLE (Flyball, 89XD, EV 102.5 MPH)
Batting: LHB Drury Robinson 0-0: Foul Ball, location: 5F
0-1: Ball
1-1: Fly out, F7 (Flyball, 78M, EV 87.5 MPH)
Batting: LHB Marco Menchaca 0-0: SINGLE (Groundball, 34D, EV 105.0 MPH)
Isaac Keenan scores
Batting: RHB Jess Granberg 0-0: Ball
1-0: Called Strike
1-1: Foul Ball, location: 5F
1-2: Fly out, F8 (Flyball, 8RM, EV 88.8 MPH)
Batting: RHB River Grote 0-0: Ball
1-0: Ball
Marco Menchaca steals 2nd base
2-0: Swinging Strike
2-1: Foul Ball, location: 2F
2-2: Ball
3-2: SINGLE (Flyball, 56D, EV 88.1 MPH)
Marco Menchaca to third
Runner from 3rd tries for Home, SAFE, throw by LF to home
Batting: LHB Skyler Angelillo 0-0: Called Strike
0-1: Ball
1-1: Called Strike
1-2: SINGLE (Line Drive, 56D, EV 66.3 MPH)
River Grote to second
Runner from 2nd tries for 3rd, SAFE, no throw by LF
Batting: LHB Adrian Phillips 0-0: Foul Ball, location: 7LDF
0-1: Ball
1-1: 3-RUN HOME RUN (Flyball, 89XD, EV 108.8 MPH), Distance : 429 ft
Batting: LHB Wilfredo Ocanas 0-0: Called Strike
0-1: Ball
1-1: Foul Ball, location: 7LSF
1-2: Ground out 5-3 (Groundball, 56, EV 95.6 MPH)
Top of the 2nd over - 5 runs, 5 hits, 0 errors, 0 left on base; California 6 - Miami 3
BOTTOM OF THE 2ND
Miami Marlins batting - Pitching for California Angels : RHP Ambler Bateman
Batting: RHB Felix Suzuki 0-0: Ball
1-0: Called Strike
1-1: Ball
2-1: SOLO HOME RUN (Flyball, 7D, EV 100.6 MPH), Distance : 391 ft
Batting: LHB Kyle Campbell 0-0: Swinging Strike
0-1: Foul Ball, location: 2F
0-2: Fly out, F7 (Flyball, 78M, EV 96.3 MPH)
Batting: LHB Joshua Roberts 0-0: Ball
1-0: Foul Ball, location: 2F
1-1: Foul Ball, location: 25F
1-2: Foul Ball, location: 23FF
1-2: Fly out, F6 (Popup, 6MS, EV 73.1 MPH)
Batting: RHB Yovi Pizana 0-0: Ball
1-0: Ground out 6-3 (Groundball, 6, EV 86.9 MPH)
Bottom of the 2nd over - 1 run, 1 hit, 0 errors, 0 left on base; California 6 - Miami 4
TOP OF THE 3RD
California Angels batting - Pitching for Miami Marlins : RHP Adrián Mariscal
Batting: SHB Michael Dodson 0-0: Ball
1-0: Fly out, F8 (Flyball, 8RM, EV 93.8 MPH)
Pitching: RHP Sam Bridges
Batting: RHB Isaac Keenan 0-0: Swinging Strike
0-1: Foul Ball, location: 2F
0-2: Foul Ball, location: 25F
0-2: Ball
1-2: Ball
2-2: Strikes out swinging
Batting: LHB Drury Robinson 0-0: Ball
1-0: Foul Ball, location: 2F
1-1: Foul Ball, location: 2F
1-2: Ball
2-2: Foul Ball, location: 7LSF
2-2: Ball
3-2: Fly out, F8 (Flyball, 8RD, EV 75.6 MPH)
Top of the 3rd over - 0 runs, 0 hits, 0 errors, 0 left on base; California 6 - Miami 4
BOTTOM OF THE 3RD
Miami Marlins batting - Pitching for California Angels : RHP Ambler Bateman
Batting: LHB Elijah Mitchell 0-0: Ball
1-0: Ground out 4-3 (Groundball, 4, EV 104.4 MPH)
Batting: LHB Russ Hicks 0-0: Ground out 4-3 (Groundball, 4, EV 81.9 MPH)
Batting: LHB David Almager 0-0: Ball
1-0: Ball
2-0: Called Strike
2-1: Ball
3-1: Foul Ball, location: 2F
3-2: Ground out 5-3 (Groundball, 5L, EV 78.8 MPH)
Bottom of the 3rd over - 0 runs, 0 hits, 0 errors, 0 left on base; California 6 - Miami 4
TOP OF THE 4TH
California Angels batting - Pitching for Miami Marlins : RHP Sam Bridges
Batting: LHB Marco Menchaca 0-0: Called Strike
0-1: Called Strike
0-2: Ball
1-2: SOLO HOME RUN (Flyball, 9LD, EV 96.3 MPH), Distance : 359 ft
Batting: RHB Jess Granberg 0-0: Ball
1-0: Foul Ball, location: 2F
1-1: Called Strike
1-2: Fly out, F8 (Flyball, 89S, EV 83.1 MPH)
Batting: RHB River Grote 0-0: Called Strike
0-1: Foul Ball, location: 3F
0-2: Ball
1-2: Strikes out swinging
Batting: LHB Skyler Angelillo 0-0: Called Strike
0-1: Swinging Strike
0-2: Strikes out swinging
Top of the 4th over - 1 run, 1 hit, 0 errors, 0 left on base; California 7 - Miami 4
BOTTOM OF THE 4TH
Miami Marlins batting - Pitching for California Angels : RHP Ambler Bateman
Batting: RHB Matías Iñiguez 0-0: Ball
1-0: Foul Ball, location: 25F
1-1: Ball
2-1: Foul Ball, location: 2F
2-2: Foul Ball, location: 9LDF
2-2: Ball
3-2: SINGLE (Line Drive, 56D, EV 104.4 MPH)
Batting: LHB Standen Mocadlo 0-0: Swinging Strike
0-1: Ball
1-1: Called Strike
1-2: Ball
2-2: Fielders Choice at 2nd, 3-6 (Groundball, 3, EV 108.1 MPH)
Batting: RHB Felix Suzuki 0-0: Foul Ball, location: 2F
0-1: Ball
1-1: Ball
2-1: Fly out, F8 (Flyball, 78M, EV 94.4 MPH)
Batting: LHB Kyle Campbell 0-0: Foul Ball, location: 2F
0-1: Called Strike
0-2: Strikes out swinging
Bottom of the 4th over - 0 runs, 1 hit, 0 errors, 1 left on base; California 7 - Miami 4
TOP OF THE 5TH
California Angels batting - Pitching for Miami Marlins : RHP Sam Bridges
Batting: LHB Adrian Phillips 0-0: Ball
1-0: Foul Ball, location: 5FF
1-1: Ball
2-1: Ground out U3 (Groundball, 3, EV 86.9 MPH)
Batting: LHB Wilfredo Ocanas 0-0: Called Strike
0-1: Ground out 6-3 (Groundball, 6, EV 89.4 MPH)
Batting: SHB Michael Dodson 0-0: Called Strike
0-1: Ball
1-1: Ball
2-1: Called Strike
2-2: Strikes out looking
Top of the 5th over - 0 runs, 0 hits, 0 errors, 0 left on base; California 7 - Miami 4
BOTTOM OF THE 5TH
Miami Marlins batting - Pitching for California Angels : RHP Ambler Bateman
Batting: LHB Joshua Roberts 0-0: Ball
1-0: Ball
2-0: Foul Ball, location: 7LSFF
2-1: Ball
3-1: Foul Ball, location: 2F
3-2: Base on Balls
Batting: RHB Yovi Pizana 0-0: Ball
1-0: Ball
2-0: Called Strike
2-1: Swinging Strike
2-2: Foul Ball, location: 5FF
2-2: Foul Ball, location: 7LMF
2-2: SINGLE (Flyball, 9LS, EV 91.9 MPH)
Joshua Roberts to second
Batting: LHB Elijah Mitchell 0-0: Ball
Joshua Roberts steals 3rd base
1-0: Swinging Strike
1-1: Ball
2-1: Hit by Pitch
Yovi Pizana to second
Batting: LHB Russ Hicks 0-0: Called Strike
0-1: Ball
1-1: Ball
2-1: Grounds into fielders choice 4-2 (Groundball, 4, EV 79.4 MPH)
Yovi Pizana to third
Elijah Mitchell to second
Batting: LHB David Almager 0-0: Ball
1-0: Ball
2-0: Called Strike
2-1: Ball
3-1: Base on Balls
Yovi Pizana scores
Elijah Mitchell to third
Russ Hicks to second
Pitching: RHP Royce Dovin
Batting: RHB Matías Iñiguez 0-0: Called Strike
0-1: Ball
1-1: Fly out, F6 (Popup, 6MS, EV 64.4 MPH)
Batting: LHB Standen Mocadlo 0-0: Ground out 4-3 (Groundball, 4, EV 85.6 MPH)
Bottom of the 5th over - 1 run, 1 hit, 0 errors, 3 left on base; California 7 - Miami 5
TOP OF THE 6TH
California Angels batting - Pitching for Miami Marlins : RHP Sam Bridges
Batting: RHB Isaac Keenan 0-0: Ball
1-0: Foul Ball, location: 9LSF
1-1: Ground out 3-1 (Groundball, 34S, EV 83.1 MPH)
Batting: LHB Drury Robinson 0-0: Called Strike
0-1: Ball
1-1: Ball
2-1: DOUBLE (Line Drive, 5D, EV 104.4 MPH)
Pitching: RHP Calbert Gavin
Batting: LHB Marco Menchaca 0-0: Ball
1-0: Foul Ball, location: 2F
1-1: Swinging Strike
1-2: Fly out, F7 (Flyball, 7, EV 96.3 MPH)
Batting: RHB Jess Granberg 0-0: Ball
1-0: Ball
2-0: Foul Ball, location: 23F
2-1: Foul Ball, location: 3SF
2-2: Foul Ball, location: 3DF
2-2: Ball
3-2: Foul Ball, location: 2F
3-2: Fly out, F9 (Flyball, 89M, EV 86.3 MPH)
Top of the 6th over - 0 runs, 1 hit, 0 errors, 1 left on base; California 7 - Miami 5
BOTTOM OF THE 6TH
Miami Marlins batting - Pitching for California Angels : RHP Royce Dovin
Batting: RHB Felix Suzuki 0-0: Ball
1-0: Ball
2-0: Ball
3-0: Called Strike
3-1: Base on Balls
Batting: LHB Kyle Campbell 0-0: Foul Ball, location: 2F
0-1: Ball
1-1: Swinging Strike
1-2: Fly out, F3 (Popup, 34S, EV 71.9 MPH)
Batting: LHB Joshua Roberts 0-0: Ball
1-0: Ball
Felix Suzuki is caught stealing 2nd base 2-6
2-0: Ball
3-0: Base on Balls
Batting: RHB Yovi Pizana 0-0: Called Strike
0-1: Ball
1-1: Ball
2-1: Ball
3-1: Base on Balls
Joshua Roberts to second
Batting: LHB Elijah Mitchell 0-0: Ball
1-0: Called Strike
1-1: Fly out, F4 (Line Drive, 4M, EV 66.3 MPH)
Bottom of the 6th over - 0 runs, 0 hits, 0 errors, 2 left on base; California 7 - Miami 5
TOP OF THE 7TH
California Angels batting - Pitching for Miami Marlins : RHP Calbert Gavin
Batting: RHB River Grote 0-0: Foul Ball, location: 7LSF
0-1: Ball
1-1: Ball
2-1: Ball
3-1: Foul Ball, location: 2F
3-2: Base on Balls
Batting: LHB Skyler Angelillo 0-0: Ball
1-0: Swinging Strike
1-1: Ball
2-1: SINGLE (Groundball, 4S, EV 71.9 MPH) (infield hit)
River Grote to second
Batting: LHB Adrian Phillips 0-0: Ball
1-0: Foul Ball, location: 9LMF
1-1: Called Strike
1-2: Strikes out swinging
Batting: LHB Wilfredo Ocanas 0-0: Ball
1-0: Ball
2-0: Ball
3-0: Called Strike
3-1: Base on Balls
River Grote to third
Skyler Angelillo to second
Batting: SHB Michael Dodson 0-0: Ball
1-0: Ball
2-0: Ball
3-0: Base on Balls
River Grote scores
Skyler Angelillo to third
Wilfredo Ocanas to second
Batting: RHB Isaac Keenan 0-0: Called Strike
0-1: Called Strike
0-2: Ball
1-2: Ball
2-2: Grounds into fielders choice 4-2 (Groundball, 34, EV 102.5 MPH)
Wilfredo Ocanas to third
Michael Dodson to second
Pitching: RHP Harvard Fisher
Batting: LHB Drury Robinson 0-0: Ball
1-0: Swinging Strike
1-1: Fielders Choice at 2nd, 6-4 (Groundball, 6, EV 87.5 MPH)
Top of the 7th over - 1 run, 1 hit, 0 errors, 3 left on base; California 8 - Miami 5
BOTTOM OF THE 7TH
Miami Marlins batting - Pitching for California Angels : RHP Royce Dovin
Batting: LHB Russ Hicks 0-0: Called Strike
0-1: Ball
1-1: Foul Ball, location: 7LSF
1-2: Foul Ball, location: 2F
1-2: Foul Ball, location: 2F
1-2: Foul Ball, location: 5F
1-2: SINGLE (Groundball, 4MD, EV 109.4 MPH)
Batting: LHB David Almager 0-0: Ball
1-0: Ball
2-0: Fly out, F8 (Flyball, 8LS, EV 81.9 MPH)
Batting: RHB Matías Iñiguez 0-0: Called Strike
0-1: Ball
1-1: Ball
2-1: Called Strike
2-2: Foul Ball, location: 2F
2-2: Ball
3-2: SINGLE (Line Drive, 9LS, EV 104.4 MPH)
Russ Hicks to second
Pitching: LHP Layton Whaley
Batting: LHB Standen Mocadlo 0-0: Swinging Strike
0-1: Ball
1-1: Ball
2-1: Foul Ball, location: 2RF
2-2: Ball
3-2: Strikes out swinging
Batting: RHB Felix Suzuki 0-0: Foul Ball, location: 5FF
0-1: Foul Ball, location: 2F
0-2: Foul Ball, location: 9LMF
0-2: Ball
1-2: Fly out, F7 (Line Drive, 7, EV 104.4 MPH)
Bottom of the 7th over - 0 runs, 2 hits, 0 errors, 2 left on base; California 8 - Miami 5
TOP OF THE 8TH
California Angels batting - Pitching for Miami Marlins : RHP Harvard Fisher
Batting: LHB Marco Menchaca 0-0: Called Strike
0-1: Called Strike
0-2: Fly out, F9 (Flyball, 9D, EV 90.0 MPH)
Batting: RHB Jess Granberg 0-0: Ball
1-0: Ball
2-0: Called Strike
2-1: Ground out 6-3 (Groundball, 6, EV 83.1 MPH)
Batting: RHB River Grote 0-0: Swinging Strike
0-1: Swinging Strike
0-2: Strikes out swinging
Top of the 8th over - 0 runs, 0 hits, 0 errors, 0 left on base; California 8 - Miami 5
BOTTOM OF THE 8TH
Miami Marlins batting - Pitching for California Angels : LHP Layton Whaley
Batting: LHB Kyle Campbell 0-0: Called Strike
0-1: Swinging Strike
0-2: Strikes out looking
Batting: LHB Joshua Roberts 0-0: Called Strike
0-1: Called Strike
0-2: Strikes out looking
Batting: RHB Yovi Pizana 0-0: Called Strike
0-1: Called Strike
0-2: Ball
1-2: Ground out 4-3 (Groundball, 4D, EV 104.4 MPH)
Bottom of the 8th over - 0 runs, 0 hits, 0 errors, 0 left on base; California 8 - Miami 5
TOP OF THE 9TH
California Angels batting - Pitching for Miami Marlins : RHP Harvard Fisher
Batting: LHB Skyler Angelillo 0-0: Swinging Strike
0-1: Called Strike
0-2: SINGLE (Line Drive, 4D, EV 108.8 MPH)
Batting: LHB Adrian Phillips 0-0: Ball
1-0: Ball
2-0: Called Strike
2-1: Swinging Strike
2-2: Foul Ball, location: 2F
2-2: Foul Ball, location: 2F
2-2: Strikes out swinging
Batting: LHB Wilfredo Ocanas 0-0: Fielders Choice at 2nd, 6-4 (Groundball, 6, EV 80.0 MPH)
Batting: SHB Michael Dodson 0-0: Ball
1-0: Fly out, F9 (Flyball, 9LS, EV 89.4 MPH)
Top of the 9th over - 0 runs, 1 hit, 0 errors, 1 left on base; California 8 - Miami 5
BOTTOM OF THE 9TH
Miami Marlins batting - Pitching for California Angels : LHP Layton Whaley
Pitching: LHP Ricart Pena
Batting: LHB Elijah Mitchell 0-0: Called Strike
0-1: Called Strike
0-2: SINGLE (Groundball, 4MD, EV 102.5 MPH)
Pinch Hitting: RHB Tom Gula 0-0: Called Strike
0-1: Ball
1-1: Hit by Pitch
Elijah Mitchell to second
Pinch Hitting: RHB Sam Calder 0-0: Grounds into double play, 4-6-3 (Groundball, 4, EV 81.3 MPH)
Elijah Mitchell to third
Batting: RHB Matías Iñiguez 0-0: Called Strike
0-1: Foul Ball, location: 7LDF
0-2: Fly out, F7 (Flyball, 7D, EV 100.0 MPH)
Bottom of the 9th over - 0 runs, 1 hit, 0 errors, 1 left on base; California 8 - Miami 5
Thursday, April 25th , 2024 - OOTP Baseball 24.11 Build 85